 Dungeon Crawl Stone Soup version 0.28-a0-1334-g1c9ffb4daf (webtiles) character file.

Game seed: 7825561803111635085

92 Cheeritup the Grave Robber (level 4, -6/35 HPs)
             Began as a Ghoul Necromancer on Dec 28, 2021.
             Mangled by an iguana (7 damage)
             ... on level 4 of the Dungeon.
             The game lasted 00:15:32 (4572 turns).

Cheeritup the Grave Robber (Ghoul Necromancer)      Turns: 4572, Time: 00:15:32

Health: -6/35      AC:  3    Str: 11    XL:     4   Next: 60%
Magic:  6/6        EV: 12    Int: 12    God:
Gold:   110        SH:  0    Dex:  9    Spells: 3/8 levels left

rFire   . . .      SeeInvis .   k - +0 falchion
rCold   + . .      Faith    .   h - orb {mayhem}
rNeg    + + +      Spirit   .   a - +0 robe
rPois   ∞          Reflect  .   (no helmet)
rElec   .          Harm     .   f - +0 cloak
rCorr   .          Rampage  .   (no gloves)
Will    .....                   (no boots)
Stlth   ++........              (no amulet)
HPRegen 0.00/turn               (no ring)
MPRegen 0.10/turn               (no ring)

@: inhibited regen
A: claws 1, cold resistance 1, negative energy resistance 3, inhibited
regeneration, torment resistance 2
a: no special abilities


You were on level 4 of the Dungeon.
You visited 1 branch of the dungeon, and saw 4 of its levels.

You collected 110 gold pieces.

Inventory:

Hand Weapons
 k - a +0 falchion (weapon)
Missiles
 i - 19 poisoned darts
Armour
 a - a +0 robe (worn)
 f - a +0 cloak (worn)
 h - an orb of mayhem (worn)
 l - a +0 scale mail
Scrolls
 m - 2 scrolls of fear
Potions
 b - a potion of invisibility {unknown}
 c - a potion of haste
 d - a potion of heal wounds {unknown}
 e - a potion of flight {unknown}
 g - 2 potions of curing
 j - a potion of attraction {unknown}


   Skills:
 + Level 1.5 Fighting
 - Level 1.7 Dodging
 - Level 2.1 Stealth
 + Level 1.5 Unarmed Combat
 * Level 2.5 Spellcasting
 * Level 4.8 Necromancy


You had 3 spell levels left.
You knew the following spells:

 Your Spells              Type           Power      Damage    Failure   Level
a - Pain                  Necr           52%        1d6       3%          1
b - Animate Skeleton      Necr           26%        N/A       3%          1
c - Vampiric Draining     Necr           13%        2d6       11%         3

Your spell library contained the following spells:

 Spells                   Type           Power      Damage    Failure   Level
 Animate Dead             Necr           6%         N/A       34%         4
 Agony                    Necr           13%        N/A       69%         5
 Leda's Liquefaction      Hex/Erth       0%         N/A       95%         4
 Lee's Rapid Deconstruct  Erth           0%         3d5*      100%        5
 Statue Form              Tmut/Erth      Unusable   N/A       N/A         6

Dungeon Overview and Level Annotations

Branches:
Dungeon (4/15)
 Temple: D:4-7

Altars:
Dithmenos
Fedhas

Shops:
D:3 (


Innate Abilities, Weirdness & Mutations

You thrive by killing the living.
You are immune to poison.
You have sharp fingernails.
Your flesh is cold resistant. (rC+)
You are immune to negative energy. (rN+++)
You do not regenerate when monsters are visible.
You are immune to unholy pain and torment.


Message History

Deactivating autopickup; reactivate with Ctrl-A.
A sky beast appears from thin air!
Reactivating autopickup.
The sky beast flickers out of sight!
Deactivating autopickup; reactivate with Ctrl-A.
A sky beast appears from thin air!
Reactivating autopickup.
There is a stone staircase leading up here.
You climb upwards.
There is a stone staircase leading down here.
There is an open door here.
There is a stone staircase leading down here.
You climb downwards.
There is a stone staircase leading up here.
A necrophage is nearby!
The necrophage hits you.
There is a stone staircase leading down here.
You can't go up here!
The necrophage closely misses you.
You climb downwards.
There is a stone staircase leading up here.
The dart slug bites you but does no damage.
The necrophage hits you.
Found a cyan potion.
A hobgoblin comes into view.
An iguana comes into view.
The hobgoblin shouts!
Found a stone staircase leading down.
You hit the iguana.
The iguana is lightly wounded.
The iguana bites you! x2
* * * LOW HITPOINT WARNING * * *
The iguana bites you.
* * * LOW HITPOINT WARNING * * *
The iguana bites you.
* * * LOW HITPOINT WARNING * * *
The necrophage completely misses you.
There is a stone staircase leading down here.
The iguana bites you!
You die...

#########.
###@........
#..ln.......
#..g........
#...........
#...........
###.###.....
#.# .....
#.###.....
#....g..#


You could see a necrophage, an iguana and a hobgoblin.

Vanquished Creatures
  An orc wizard (D:3)
  3 dart slugs
  5 orcs (D:3)
  A bat (D:1)
  2 endoplasms
  A giant cockroach (D:2)
  11 goblins
  4 hobgoblins
  2 jackals (D:1)
  3 quokkas
  3 ball pythons
  4 frilled lizards (D:1)
  4 kobolds (D:1)
  8 rats
52 creatures vanquished.

Vanquished Creatures (collateral kills)
  A ball python (D:1)
  A rat (D:3)
2 creatures vanquished.

Vanquished Creatures (others)
  7 plants (D:3)
7 creatures vanquished.

Grand Total: 61 creatures vanquished

Notes
Turn   | Place    | Note
-------+----------+-------------------------------------------
     0 | D:1      | Cheeritup the Ghoul Necromancer began the quest for the
                  | Orb.
     0 | D:1      | Reached XP level 1. HP: 14/14 MP: 2/2
   453 | D:1      | Learned a level 1 spell: Animate Skeleton
   459 | D:1      | Reached XP level 2. HP: 22/22 MP: 0/3
   708 | D:1      | Reached skill level 1 in Unarmed Combat
   730 | D:1      | Reached skill level 1 in Fighting
   855 | D:1      | Reached XP level 3. HP: 20/28 MP: 2/5
   988 | D:1      | Found a faded altar of an unknown god.
  1477 | D:2      | Found a blossoming altar of Fedhas.
  1599 | D:2      | Learned a level 3 spell: Vampiric Draining
  2549 | D:3      | Noticed a necrophage
  2576 | D:3      | Noticed a sky beast
  2620 | D:3      | Found Beylil's Antique Weapon Emporium.
  2963 | D:3      | Learned a level 1 spell: Animate Skeleton
  2997 | D:3      | Reached XP level 4. HP: 12/35 MP: 2/6
  4091 | D:3      | Found a shadowy altar of Dithmenos.
  4569 | D:4      | HP: 1/35 [iguana (2)]
  4572 | D:4      | Mangled by an iguana

Illustrated notes

Levels and vault maps discovered:
D:1:      amcnicky_arrival_flooded_fountain, layout_loops_corners,
          shapermc_ecumenical_altar_venn, minmay_pentomino_s2
D:2:      layout_basic, basic_altar
D:3:      layout_loops_corners, mainiacjoe_overflow_alcove_2, serial_shops,
          nicolae_shop_overgrown_old_shop, kennysheep_generic_room_16
D:4:      layout_basic, mainiacjoe_overflow_paths,
          mainiacjoe_overflow_six_doors_small, lemuel_blue_sif_altar,
          dk_yredelemnul_ordeal, uniq_sigmund

Skill      XL: |  1  2 |
---------------+-------+-----
Spellcasting   | 2 |  2.5
Unarmed Combat | 1 |  1.5
Fighting       | 1 |  1.5
Dodging        | |  1.7
Stealth        | |  2.1
Necromancy     | |  4.8

Action                   |  1- 3 |  4- 6 || total
-------------------------+-------+-------++-------
Melee: Unarmed           |    47 |       ||    47
       Falchion          |    49 |    22 ||    71
 Cast: Pain              |    39 |     6 ||    45
       Animate Skeleton  |     6 |     3 ||     9
  Use: Scroll            |     5 |       ||     5
       Potion            |     1 |       ||     1
 Stab: Sleeping          |       |     1 ||     1
Armor: Robe              |    21 |     7 ||    28
Dodge: Dodged            |    80 |    14 ||    94

Table legend: (Time is in decaauts)
 A = Elapsed time spent in this place.
 B = Non-inter-level travel time spent in this place.
 C = Inter-level travel time spent in this place.
 D = Time resting spent in this place.
 E = Time spent auto-exploring this place.
 F = Levels seen in this place.
 G = Mean time per level.
                   A        B        C        D        E       F      G
               +--------+--------+--------+--------+--------+-----+--------+
         Total |   4577 |   4565 |     12 |    718 |   2648 |   4 | 1144.2 |
       Dungeon |   4577 |   4565 |     12 |    718 |   2648 |   4 | 1144.2 |
               +--------+--------+--------+--------+--------+-----+--------+

Top non-repeatable levels by time:
     D:3: 1829 daAuts
     D:1: 1416 daAuts
     D:2: 1283 daAuts
     D:4: 49 daAuts
